 Dungeon Crawl Stone Soup version 0.30-a0-989-g0d87f670db (webtiles) character file.

Game seed: 16408857164976189513

14 Antologik the Digger (level 2, 0/24 HPs)
             Began as a Troll Earth Elementalist on Apr 4, 2023.
             Slain by a goblin
             ... wielding a +0 dagger
             ... led by Robin
              (5 damage)
             ... on level 1 of the Dungeon.
             The game lasted 00:06:53 (440 turns).

Antologik the Digger (Troll Earth Elementalist)      Turns: 440, Time: 00:06:53

Health: 0/24       AC:  4    Str: 15    XL:     2   Next: 31%
Magic:  0/2        EV:  9    Int: 11    God:
Gold:   24         SH:  0    Dex: 10    Spells: 2/3 levels left

rFire   . . .      SeeInvis .    j - +0 hand axe
rCold   . . .      Faith    .    (no shield)
rNeg    . . .      Spirit   .    a - +0 robe
rPois   .          Reflect  .    (helmet restricted)
rElec   .          Rampage  .    (no cloak)
rCorr   .                        (gloves unavailable)
Will    .....                    (boots unavailable)
Stlth   +                        (no amulet)
HPRegen 1.04/turn                (no ring)
MPRegen 0.08/turn                (no ring)

@: no status effects
A: large, unfitting armour, claws 3, regeneration 1, shaggy fur 1, tough skin 1
a: no special abilities


You were on level 1 of the Dungeon.
You visited 1 branch of the dungeon, and saw 2 of its levels.

You collected 24 gold pieces.

Inventory:

Hand Weapons
 d - a +0 club
 e - a +0 dagger
 f - a +0 dagger
 j - a +0 hand axe (weapon)
Armour
 a - a +0 robe (worn)
 c - a +0 pair of boots
Scrolls
 h - a scroll of teleportation {unknown}
Potions
 b - a potion of magic
 g - a potion of berserk rage {unknown}
 i - a potion of haste {unknown}


   Skills:
 + Level 0.1 Fighting
 + Level 1.7 Dodging
 + Level 1.1 Stealth
 + Level 1.2 Spellcasting
 + Level 0.6 Transmutations
 + Level 3.1 Earth Magic


You had 2 spell levels left.
You knew the following spells:

 Your Spells              Type           Power      Damage    Failure   Level
a - Sandblast             Erth           14%        2d6       9%          1

Your spell library contained the following spells:

 Spells                   Type           Power      Damage    Failure   Level
 Passwall                 Tmut/Erth      3%         N/A       22%         2
 Stone Arrow              Conj/Erth      8%         3d7       45%         3
 Petrify                  Tmut/Erth      4%         N/A       82%         4


Dungeon Overview and Level Annotations

Branches:
Dungeon (2/15)

Altars:

Annotations:
D:1 Robin


Innate Abilities, Weirdness & Mutations

You are too large for most types of armour.
You have claws for hands.
Your natural rate of healing is unusually fast.
You are covered in fur. (AC +1)
You have tough skin. (AC +1)


Message History

You hit the goblin.
The goblin is moderately wounded.
You closely miss the goblin. You hit the goblin but do no damage.
You barely miss Robin.
The goblin hits you but does no damage. x2
Robin hits you with a +0 short sword. The goblin hits you but does no damage.
A dart slug comes into view.
You barely miss the goblin.
The goblin is moderately wounded.
You hit Robin but do no damage. You closely miss the goblin.
You barely miss the goblin. The goblin barely misses you.
The goblin hits you but does no damage. The goblin hits you with a +0 dagger.
Robin hits you with a +0 short sword. The goblin hits you with a +0 dagger.
The goblin barely misses you. The goblin hits you but does no damage.
You are now empty-clawed.
You can't go down here!
Robin says, "My army is invincible!"
Robin barely misses you. The goblin barely misses you.
The goblin hits you but does no damage. The goblin misses you.
You climb upwards.
There is a stone staircase leading down here.
You are already empty-clawed.
You are already empty-clawed.
You are already empty-clawed.
Really attack while wielding nothing?
Okay, then.
j - a +0 hand axe (weapon)
You slash Robin!
Robin is heavily wounded.
You barely miss the goblin. x2; You hit the goblin but do no damage.
The goblin hits you with a +0 dagger. The goblin barely misses you.
Robin hits you with a +0 short sword. The goblin barely misses you.
The goblin hits you but does no damage. The goblin barely misses you.
Robin hits you with a +0 short sword.
* * * LOW HITPOINT WARNING * * *
The goblin closely misses you.
Casting: Sandblast (safe; 9% risk of failure)
Confirm with . or Enter, or press ? or * to list all spells.
You don't know that spell.
The goblin attacks as you move away! The goblin hits you with a +0 dagger.
You die...

#.####.####..# ############
#.#..........# ##...........
#.#..........# ##..##########
#.####.####..###..##
#.........#..##..############
########.##.#.............#....
#.........#.#....#........#....
###.####..#.#..).#........#....
##.#..#..#.#g@..'.............
#..#..#..#.#ggg.#........#....
#.....#..#.#....#.....†..#....
#.##..####.#....#........#....
#.# ..# #.#....##########....
#.# g... #.#....# #....
##(########.#....# #####
#...........#....#
#############.####


You could see Robin and 3 goblins.

Vanquished Creatures
  A ball python (D:1)
  A bat (D:1)
  2 giant cockroaches (D:1)
  3 goblins (D:1)
  2 hobgoblins (D:1)
  A kobold (D:1)
  A frilled lizard (D:1)
11 creatures vanquished.

Notes
Turn   | Place    | Note
-------+----------+-------------------------------------------
     0 | D:1      | Antologik the Troll Earth Elementalist began the quest for
                  | the Orb.
     0 | D:1      | Reached XP level 1. HP: 16/16 MP: 1/1
   142 | D:1      | Reached skill level 3 in Earth Magic
   147 | D:1      | Reached XP level 2. HP: 23/24 MP: 2/2
   420 | D:2      | Noticed Robin
   440 | D:1      | Slain by a goblin

Illustrated notes

Levels and vault maps discovered:
D:1:      wander_arrival_lonely_grave, layout_basic, serial_forest,
          infiniplex_forest_corner_1, infiniplex_forest_straight_4,
          infiniplex_forest_lined_corner, infiniplex_forest_end_2,
          infiniplex_forest_lined_2, infiniplex_forest_straight_1
D:2:      layout_loops_cross, uniq_terence, uniq_robin, uniq_natasha

Skill      XL: |  1 |
---------------+----+-----
Earth Magic    | 3 |  3.1
Fighting       | |  0.1
Dodging        | |  1.7
Stealth        | |  1.1
Spellcasting   | |  1.2
Transmutations | |  0.6

Action                     || total
---------------------------++-------
  Melee: Unarmed           ||     5
         Club              ||    22
         Hand axe          ||     3
   Cast: Sandblast         ||     6
 Armour: Robe              ||    28
  Dodge: Dodged            ||    29

Table legend: (Time is in decaauts)
 A = Elapsed time spent in this place.
 B = Non-inter-level travel time spent in this place.
 C = Inter-level travel time spent in this place.
 D = Time resting spent in this place.
 E = Time spent auto-exploring this place.
 F = Levels seen in this place.
 G = Mean time per level.
                   A        B        C        D        E       F      G
               +--------+--------+--------+--------+--------+-----+--------+
         Total |    449 |    138 |    311 |      0 |      0 |   2 |  224.5 |
       Dungeon |    449 |    138 |    311 |      0 |      0 |   2 |  224.5 |
               +--------+--------+--------+--------+--------+-----+--------+

Top non-repeatable levels by time:
     D:1: 439 daAuts
     D:2: 10 daAuts
